[Event "*** Titled Tuesday Blitz"]
[Site "Chess.com"]
[Date "2021.02.02"]
[Round "2"]
[White "JTCoach"]
[Black "Pliukha_Mikhail"]
[Result "1-0"]
[WhiteElo "2688"]
[BlackElo "2475"]
[TimeControl "180+1"]
[EndTime "10:22:59 PST"]
[Termination "JTCoach won by checkmate"]

1. d4 Nf6 2. Bg5 e6 3. Nd2 d5 4. e3 Be7 5. Bd3 c5 6. c3 cxd4 7. exd4 h6 8. Bh4 Nc6 9. Ngf3 O-O 10. O-O Re8 11. Re1 Nh7 12. Bg3 Nf8 13. Qe2 Qb6 14. Rab1 Bd7 15. Ne5 Nxe5 16. Bxe5 Bd6 17. Qh5 Bxe5 18.
Rxe5 Bb5 19. Bc2 Nd7 20. Re3 Nf6 21. Qh4 Kf8 22. Nf3 Rac8 23. Ne5 Nd7 24. Ng4 e5 25. Nxe5 Nxe5 26. Rxe5 Rxe5 27. dxe5 d4 28. Bf5 Rd8 29.
cxd4 Rxd4 30. Qg3 Qd8 31. h3 Bd3 32. Bxd3 Rxd3 33. Qf4 Qd5 34. Rc1 Rd1+ 35. Rxd1 Qxd1+ 36. Kh2 Kg8 37. Qe4 Qd2 38. e6 Qd6+ 39. g3 Qxe6 40. Qxb7 Qxa2 41. Qc8+ Kh7 42. Qc2+ Kg8 43. Qe2 a5 44.
Qe5 a4 45. Kg2 Qb3 46. Qe8+ Kh7 47. Qe4+ g6 48. Qe5 h5 49. Qf6 Kg8 50. h4 Qd5+ 51. Kh2 Qc5 52. Kg1 Qc1+ 53. Kg2 Qc2 54. Qd8+ Kg7 55.
Qd4+ Kh7 56. Kh2 Kg8 57. Qf6 Qc4 58. Kg2 Qd5+ 59. Kg1 Qb5 60. Qd8+ Kh7 61. Qd4 Kg8 62.
Qf6 Qd7 63. Qc3 Qb5 64. Qd4 Qe8 65. Kg2 Kh7 66. Kh2 Qc6 67. Qf4 Kg8 68. Qb8+ Kg7 69.
Qb4 Kh7 70. Qf4 Kg7 71. Qd4+ Kg8 72. Kg1 Kh7 73. Qe5 Kg8 74. Qf4 Qe6 75. Qxa4 Qe1+ 76. Kg2 Qe2 77. Qa8+ Kg7 78. Qb7 Kg8 79. Qb4 Qe6 80.
b3 Qc6+ 81. Kh2 Qf3 82. Qb8+ Kh7 83. Qb6 Kg7 84. b4 Qe4 85. b5 Qc2 86. Qd4+ Kg8 87. b6 Qb3 88. Qc5 Kh7 89. Qc7 Kg7 90. b7 Qb2 91. Kg2 Qb5 92. b8=Q Qd5+ 93. Kh2 Qf3 94. Qe5+ f6 95. Qe7+ Kh6 96. Qh8# 1-0

[Event "*** Titled Tuesday Blitz"]
[Site "Chess.com"]
[Date "2021.02.02"]
[Round "2"]
[White "andriipalchuk"]
[Black "Happy1712Drummer"]
[Result "0-1"]
[WhiteElo "2599"]
[BlackElo "2348"]
[TimeControl "180+1"]
[EndTime "10:23:04 PST"]
[Termination "Happy1712Drummer won by resignation"]

1. e4 e6 2. d4 d5 3. Nd2 Nc6 4.
Ngf3 Nf6 5. e5 Nd7 6. Bd3 f6 7.
exf6 Nxf6 8. O-O Nb4 9. Be2 c5 10. c4 cxd4 11. a3 Nc6 12. cxd5 Nxd5 13. Nb3 Be7 14.
Nfxd4 Nxd4 15. Nxd4 O-O 16. Bf3 Bf6 17. Re1 Nb6 18.
Nxe6 Qxd1 19. Bxd1 Re8 20. Bb3 Kh8 21. a4 Bxe6 22.
Rxe6 Rxe6 23. Bxe6 Re8 24. Be3 Rxe6 25. Rc1 Rc6 26. Rd1 Nxa4 27. Rd7 Nxb2 28. Rxb7 h6 29.
Rxa7 Nc4 30. Ra8+ Kh7 31. Bf4 Re6 32. g3 Ne5 33. Kg2 Ng6 34. Be3 Ne7 35. Ra2 Nd5 36. Bc5 Rc6 37. Ba7 Nb4 38. Ra4 Nd3 39. Be3 Ne1+ 40.
Kf1 Nc2 41. Bd2 Nd4 42. Be3 Nf5 43. Bf4 Rc2 44. Re4 Bd4 45. Re2 Rxe2 46. Kxe2 Bf6 47. Kf3 Nd4+ 48. Ke4 Ne6 49. Be3 Kg6 50. f4 Kf7 51. h4 h5 52. Kf3 g6 53. Bf2 Ng7 54.
g4 hxg4+ 55. Kxg4 Ke6 56. Be1 Bd4 57. Bg3 Kf6 58. Be1 Bb2 59. Bb4 Kf7 60. Bc5 Bf6 61. Bf2 Nf5 62. h5 Nh6+ 63. Kf3 gxh5 64. Ke4 Kg6 65. Kf3 Nf5 66. Be1 Bh4 67. Bd2 Bf6 68.
Be1 Bd4 69. Ke4 Bb6 70. Kf3 Bc7 71. Ke4 Bd6 72. Kf3 Ng7 73. Ke4 Ne8 74. f5+ Kf7 75. Bh4 Nf6+ 76. Kf3 Be5 77. Bg5 Nh7 78. Bh4 Bf6 79.
Bg3 Bg5 80. Ke4 Nf6+ 81. Kf3 Nd5 82. Ke4 Ne7 83. Bf2 Ng8 84. Bg3 Nf6+ 85. Kf3 Ng4 86. Ke4 Nh6 87. Kf3 Nxf5 88. Bf2 Ne7 89. Ke4 Ng6 90. Kf3 Ke6 91. Ke4 Nf8 92. Kf3 Nh7 93.
Ke4 Nf6+ 94. Kf3 Kf5 95. Be1 Ng4 96. Kg2 Ne3+ 97. Kh1 Nc2 98. Bf2 Nb4 99. Be1 Nd3 100. Bg3 Kg4 101. Bb8 h4 102. Kg2 h3+ 103. Kh1 Bf4 104.
Ba7 Kf3 105. Bg1 Be3 106. Kh2 Nf4 107. Kh1 Bxg1 108. Kxg1 Kg3 109. Kh1 Ng6 110. Kg1 Nh4 111. Kh1 Nf5 112. Kg1 Kg4 113. Kh2 Nd4 114. Kh1 Kg3 115. Kg1 Nb3 116. Kh1 Nd2 117. Kg1 Ne4 118. Kh1 Nf2+ 119. Kg1 h2+ 120. Kf1 h1=Q+ 0-1

[Event "*** Titled Tuesday Blitz"]
[Site "Chess.com"]
[Date "2021.02.02"]
[Round "2"]
[White "L1m96"]
[Black "fmshawnrl123"]
[Result "1/2-1/2"]
[WhiteElo "2516"]
[BlackElo "2761"]
[TimeControl "180+1"]
[EndTime "10:23:45 PST"]
[Termination "Game drawn by 50-move rule"]

1. d4 Nf6 2. c4 e6 3. Nc3 Bb4 4.
e3 O-O 5. Ne2 Re8 6. a3 Bf8 7.
g3 d5 8. Bg2 c6 9. b3 Nbd7 10.
O-O b6 11. e4 Ba6 12. e5 Ng4 13. h3 Nh6 14. Bxh6 gxh6 15. cxd5 cxd5 16. Qd2 Rc8 17.
Rfc1 Qg5 18. Nf4 Rc7 19. h4 Qe7 20. Ncxd5 Rxc1+ 21. Rxc1 exd5 22. Nxd5 Qxa3 23. Rc7 Bb5 24. Bh3 Qxb3 25. Rxd7 Bxd7 26. Nf6+ Kh8 27. Bxd7 Rd8 28. Qf4 Qb1+ 29. Kg2 Bg7 30. Bf5 Qd1 31. Nd7 a5 32. Bg4 Qa4 33. Qxf7 Qxd4 34. e6 Qxg4 35. f3 Qd4 36.
Kh3 Qd2 37. Nf6 Qd6 38. Nh5 Qf8 39. Qb7 Re8 40. Kg4 Qg8 41. f4 Bf6+ 42. Kf3 Rxe6 43.
Nxf6 Rxf6 44. Qe4 Rg6 45. Qd4+ Rg7 46. h5 Qf7 47. g4 Qb3+ 48. Kg2 Qg8 49. Kg3 a4 50. g5 hxg5 51. fxg5 Qb3+ 52. Kh4 Qf7 53. h6 Kg8 54. hxg7 a3 55. Qxb6 a2 56. Qb8+ Kxg7 57.
Qb2+ Kg8 58. Qb8+ Kg7 59. Qb2+ Kf8 60. Qb8+ Qe8 61. Qf4+ Kg8 62. Qc4+ Qf7 63. Qc8+ Kg7 64. Qc3+ Kg6 65. Qc2+ Kg7 66. Qc3+ Kf8 67. Qc8+ Ke7 68.
Qc7+ Ke6 69. Qc4+ Ke7 70. Qc7+ Kf8 71. Qc8+ Qe8 72. Qf5+ Kg8 73. Qd5+ Qf7 74. Qd8+ Kg7 75. Qd4+ Kf8 76. Qd8+ Qe8 77. Qd6+ Kg7 78. Qd4+ Kf7 79.
Qc4+ Ke7 80. Qxa2 Qc6 81. Qe2+ Kf7 82. Qf2+ Kg8 83. Qf6 Qe4+ 84. Kg3 Qd3+ 85. Kg4 Qd7+ 86. Kg3 Qd3+ 87. Kg4 Qg6 88. Qd8+ Kg7 89. Qe7+ Qf7 90. Qe5+ Kg6 91. Qe4+ Kg7 92. Qe5+ Kf8 93. Qh8+ Ke7 94. Qe5+ Kd7 95. Qb5+ Kd6 96. Qb6+ Ke5 97. Qe3+ Kd6 98. Qd4+ Ke7 99. Qa7+ Ke6 100. Qa2+ Ke7 101. Qa7+ Kf8 102. Qd4 Qe6+ 103. Kh4 Qg6 104. Qf4+ Kg8 105. Qb8+ Kg7 106. Qc7+ Kg8 107. Qd8+ Kg7 108. Qe7+ Qf7 109. Qe5+ Kg6 110. Qe4+ Kg7 111. Qe5+ Kg8 112. Qb8+ Qf8 113. Qb3+ Kh8 114. Qc3+ Kg8 115. Qc4+ Qf7 116. Qc8+ Kg7 117. Qc3+ Kg6 118. Qd3+ Kg7 119. Qd4+ Kf8 120. Qh8+ Ke7 121. Qe5+ Kd8 122. Qd6+ Kc8 123. Qc6+ Kd8 124. Qa8+ Ke7 125. Qb7+ Ke6 126. Qe4+ Kd6 127. Qd4+ Ke7 128. Qe5+ Kd7 129. Kg3 Qb3+ 130. Kg4 1/2-1/2

[Event "*** Titled Tuesday Blitz"]
[Site "Chess.com"]
[Date "2021.02.02"]
[Round "3"]
[White "Twitch_ElhamBlitz05"]
[Black "kakakz"]
[Result "1-0"]
[WhiteElo "2845"]
[BlackElo "2460"]
[TimeControl "180+1"]
[EndTime "10:25:24 PST"]
[Termination "Twitch_ElhamBlitz05 won by resignation"]

1. e4 c5 2. Nf3 d6 3. d4 cxd4 4. Nxd4 Nf6 5. Nc3 Nc6 6. Bc4 Qb6 7. Nb3 e6 8. Bf4 Ne5 9. Be2 Be7 10. Be3 Qc7 11.
Qd4 Neg4 12. Bxg4 Nxg4 13. Qxg7 1-0

[Event "*** Titled Tuesday Blitz"]
[Site "Chess.com"]
[Date "2021.02.02"]
[Round "3"]
[White "sopo-tereladze"]
[Black "DiogenesSinopeus"]
[Result "0-1"]
[WhiteElo "2312"]
[BlackElo "2517"]
[TimeControl "180+1"]
[EndTime "10:26:07 PST"]
[Termination "DiogenesSinopeus won by resignation"]

1. e4 e5 2. Nf3 Nc6 3. Bb5 a6 4. Ba4 d6 5. d4 b5 6. Bb3 Nxd4 7. Nxd4 exd4 8. Qxd4 c5 9. Qd5 Be6 10. Qc6+ Bd7 11.
Bxf7+ Kxf7 12. Qd5+ Be6 13. Qb7+ Be7 14. O-O Nf6 15. Nc3 Qd7 16. Qb6 Bd8 0-1

[Event "*** Titled Tuesday Blitz"]
[Site "Chess.com"]
[Date "2021.02.02"]
[Round "3"]
[White "SilviusTiberius"]
[Black "Gusarov91"]
[Result "1-0"]
[WhiteElo "2474"]
[BlackElo "1216"]
[TimeControl "180+1"]
[EndTime "10:26:15 PST"]
[Termination "SilviusTiberius won by resignation"]

1. e4 c5 2. Nf3 d6 3. d4 cxd4 4. Nxd4 Nf6 5. Nc3 a6 6. Be3 Ng4 7. Bc1 Nf6 8. f3 e5 9. Nb3 Be7 10. Be3 O-O 11. Qd2 Be6 12. O-O-O Nbd7 13. g4 Nc5 14.
Nxc5 dxc5 15. g5 Nd7 16. Nd5 Rc8 17. Nxe7+ Qxe7 18. Qd6 Rfe8 19. Qxe7 Rxe7 20. a4 c4 21. Rd6 Nc5 22. Bxc5 1-0

[Event "*** Titled Tuesday Blitz"]
[Site "Chess.com"]
[Date "2021.02.02"]
[Round "3"]
[White "jerry_77"]
[Black "bocah_sakit"]
[Result "0-1"]
[WhiteElo "2457"]
[BlackElo "2813"]
[TimeControl "180+1"]
[EndTime "10:26:19 PST"]
[Termination "bocah_sakit won by resignation"]

1. e4 c5 2. Nf3 Nc6 3. Nc3 g6 4. d4 cxd4 5. Nxd4 Bg7 6. Be3 Nf6 7. Bc4 O-O 8. Bb3 d6 9. f3 Bd7 10. Qd2 Nxd4 11. Bxd4 b5 12. O-O-O a5 13. a4 bxa4 14. Bxa4 Bxa4 15. Nxa4 Qc7 16. h4 Rfc8 17. Nb6 Bh6 0-1

[Event "*** Titled Tuesday Blitz"]
[Site "Chess.com"]
[Date "2021.02.02"]
[Round "3"]
[White "GumisGLHF"]
[Black "PetrolulSah"]
[Result "0-1"]
[WhiteElo "2343"]
[BlackElo "2197"]
[TimeControl "180+1"]
[EndTime "10:26:24 PST"]
[Termination "PetrolulSah won by checkmate"]

1. d4 d5 2. Nc3 Nf6 3. Bf4 g6 4.
Qd2 Bg7 5. Bh6 O-O 6. Bxg7 Kxg7 7. h4 h5 8. O-O-O Ne4 9. Nxe4 dxe4 10. Qf4 Qd5 11.
Kb1 c5 12. e3 cxd4 13. Rxd4 Qa5 14.
Rxe4 Qe1# 0-1

[Event "*** Titled Tuesday Blitz"]
[Site "Chess.com"]
[Date "2021.02.02"]
[Round "3"]
[White "fmshawnrl123"]
[Black "Tpros"]
[Result "1-0"]
[WhiteElo "2764"]
[BlackElo "2521"]
[TimeControl "180+1"]
[EndTime "10:26:28 PST"]
[Termination "fmshawnrl123 won by resignation"]

1. e3 e6 2. c4 c6 3. Nf3 d5 4.
Be2 Nf6 5. O-O b6 6. b3 Bb7 7. Bb2 Nbd7 8. d4 Bd6 9. Nc3 O-O 10.
Qc2 a6 11. e4 dxe4 12. Nxe4 Nxe4 13. Qxe4 Qc7 14. Bd3 g6 15. Qh4 f6 16. Rfe1 Rae8 17.
Re2 c5 18. Rae1 Bxf3 19. gxf3 cxd4 20. Rxe6 Rxe6 21. Rxe6 Ne5 22. Be4 Bc5 23. f4 Qd7 24.
fxe5 1-0

[Event "*** Titled Tuesday Blitz"]
[Site "Chess.com"]
[Date "2021.02.02"]
[Round "3"]
[White "Coiote53"]
[Black "PLAYER_2006_M"]
[Result "0-1"]
[WhiteElo "2347"]
[BlackElo "2530"]
[TimeControl "180+1"]
[EndTime "10:26:38 PST"]
[Termination "PLAYER_2006_M won by resignation"]

1. e4 e5 2. Nf3 Nc6 3. d4 exd4 4. Nxd4 Nf6 5. Nxc6 bxc6 6. e5 Qe7 7. Qe2 Nd5 8.
c4 Ba6 9. Nd2 g6 10. Nf3 Bg7 11. Bg5 Qb4+ 12. Qd2 Qxd2+ 13. Bxd2 Nb6 14. b3 d6 15.
O-O-O dxe5 16. Nxe5 Bxe5 17. Re1 f6 18. f4 Nd7 19. fxe5 Nxe5 20. Bc3 O-O 21. Be2 Rad8 22. Bxe5 fxe5 23. Bf3 Rfe8 24. Bxc6 Re7 25. Re2 Rd6 26. Bd5+ Rxd5 0-1

[Event "*** Titled Tuesday Blitz"]
[Site "Chess.com"]
[Date "2021.02.02"]
[Round "3"]
[White "m_ezat"]
[Black "GM4life"]
[Result "1-0"]
[WhiteElo "2539"]
[BlackElo "2356"]
[TimeControl "180+1"]
[EndTime "10:26:51 PST"]
[Termination "m_ezat won by checkmate"]

1. d4 Nf6 2. c4 e6 3. Nc3 Bb4 4. e3 O-O 5. a3 Bxc3+ 6. bxc3 c5 7. Bd3 Nc6 8. Ne2 b6 9. O-O Ba6 10. e4 Ne8 11. Ng3 d6 12. f4 f6 13. d5 Na5 14.
dxe6 Qe7 15. f5 Bxc4 16. Bxc4 Nxc4 17. Nh5 Nc7 18. Nf4 b5 19. Rf3 Nb6 20. Rg3 Kh8 21.
Qh5 Qe8 22. Ng6+ Kg8 23. Qxh7+ Kxh7 24. Rh3+ Kg8 25. Rh8# 1-0

[Event "*** Titled Tuesday Blitz"]
[Site "Chess.com"]
[Date "2021.02.02"]
[Round "3"]
[White "GadimbayliA"]
[Black "ErikRonka"]
[Result "1-0"]
[WhiteElo "2892"]
[BlackElo "2467"]
[TimeControl "180+1"]
[EndTime "10:26:58 PST"]
[Termination "GadimbayliA won by resignation"]

1. e4 c6 2. Nf3 d5 3. exd5 cxd5 4.
d4 Nf6 5. c3 g6 6. Ne5 Bg7 7.
Nd2 O-O 8. Bd3 Bf5 9. Bxf5 gxf5 10. O-O e6 11. Re1 Nbd7 12. Nxd7 Qxd7 13. Nf1 Kh8 14. Ng3 Rg8 15. Bf4 Ne4 16. Nh5 f6 17. f3 Nd6 18.
Qe2 Rae8 19. Qf2 Qf7 20. Nxg7 Rxg7 21. Bxd6 Reg8 22. g3 f4 1-0

[Event "*** Titled Tuesday Blitz"]
[Site "Chess.com"]
[Date "2021.02.02"]
[Round "3"]
[White "konradrutkowski"]
[Black "olksuna"]
[Result "0-1"]
[WhiteElo "2430"]
[BlackElo "2695"]
[TimeControl "180+1"]
[EndTime "10:27:16 PST"]
[Termination "olksuna won by resignation"]

1. e4 c5 2. Nf3 e6 3. d3 Nc6 4. g3 d5 5. Qe2 Nf6 6. Bg2 Be7 7. O-O O-O 8. e5 Nd7 9. h4 b5 10. Bf4 Bb7 11. c3 Qb6 12. Nbd2 Rfc8 13. Rfe1 Qd8 14.
h5 h6 15. Nf1 Bf8 16. N1h2 b4 17. c4 Nb6 18. g4 dxc4 19. dxc4 Nd4 20. Nxd4 Bxg2 21.
Kxg2 Qxd4 22. Qf3 Qxc4 23. Rad1 Nd5 24. b3 Qxf4 25. Qe4 Qxe4+ 26. Rxe4 Nc3 0-1

[Event "*** Titled Tuesday Blitz"]
[Site "Chess.com"]
[Date "2021.02.02"]
[Round "3"]
[White "Konavets"]
[Black "WPWPWP-2015"]
[Result "1-0"]
[WhiteElo "2926"]
[BlackElo "2469"]
[TimeControl "180+1"]
[EndTime "10:27:22 PST"]
[Termination "Konavets won by resignation"]

1. e4 e5 2. Nf3 Nc6 3. Bc4 Nf6 4. O-O Be7 5. Re1 O-O 6. b3 d6 7.
Bb2 Bg4 8. d3 a6 9. a4 h6 10. Nbd2 Re8 11. h3 Bh5 12. g4 Bg6 13.
Nf1 Nd7 14. Ng3 Na5 15. Nf5 Bxf5 16. gxf5 Nxc4 17. bxc4 Bg5 18. Kh1 Bf4 19. Rg1 Nc5 20. Rg4 Kh7 21. Qg1 Rg8 22. Qg2 f6 23. Rxf4 exf4 24.
Qg6+ Kh8 25. Ng5 1-0

[Event "*** Titled Tuesday Blitz"]
[Site "Chess.com"]
[Date "2021.02.02"]
[Round "3"]
[White "GMMarcinDziuba"]
[Black "GameOverBro"]
[Result "0-1"]
[WhiteElo "2624"]
[BlackElo "2437"]
[TimeControl "180+1"]
[EndTime "10:27:38 PST"]
[Termination "GameOverBro won by resignation"]

1. Nf3 d6 2. d4 Nf6 3. Nc3 Nbd7 4. e4 e5 5. Bc4 Be7 6. O-O c6 7. a4 Qc7 8. h3 h6 9. Be3 Nf8 10. a5 Ng6 11. Qe2 O-O 12. Rfd1 Nh5 13. d5 Nhf4 14.
Qf1 Kh7 15. a6 b5 16. Bd3 b4 17. Ne2 Nxd3 18. Rxd3 cxd5 19. Rxd5 Qxc2 20. Ng3 Be6 21. Rb5 Bc4 0-1

[Event "*** Titled Tuesday Blitz"]
[Site "Chess.com"]
[Date "2021.02.02"]
[Round "3"]
[White "Kobalia"]
[Black "ApacheSVD"]
[Result "1-0"]
[WhiteElo "2689"]
[BlackElo "2429"]
[TimeControl "180+1"]
[EndTime "10:27:43 PST"]
[Termination "Kobalia won by resignation"]

1. e4 c5 2. Nf3 d6 3. d4 cxd4 4. Nxd4 Nf6 5. Nc3 g6 6. Be3 Bg7 7. f3 O-O 8. Qd2 Nc6 9. g4 Be6 10. O-O-O Rc8 11. Kb1 Nxd4 12. Bxd4 Bc4 13. h4 b5 14. h5 b4 15. Nd5 Nxd5 16. exd5 f6 17. hxg6 hxg6 18. Bxc4 Rxc4 19. Qe2 Qc8 20. Qxe7 Rxc2 21.
Rc1 Rxc1+ 22. Rxc1 Qd8 23. Qe6+ Rf7 24. Rc8 1-0

[Event "*** Titled Tuesday Blitz"]
[Site "Chess.com"]
[Date "2021.02.02"]
[Round "3"]
[White "TregubovP"]
[Black "Lady_Nika"]
[Result "1-0"]
[WhiteElo "2583"]
[BlackElo "2392"]
[TimeControl "180+1"]
[EndTime "10:27:48 PST"]
[Termination "TregubovP won by resignation"]

1. e4 e6 2. d4 d5 3. exd5 exd5 4. Nf3 Nf6 5. Bd3 Bd6 6. Qe2+ Be6 7. c4 Bb4+ 8. Nc3 O-O 9. c5 b6 10. O-O bxc5 11. dxc5 Bxc5 12. Bg5 Be7 13. Rac1 c5 14.
Bb1 d4 15. Na4 c4 16. Bxf6 Bxf6 17. Qe4 d3 18. Qxa8 Qa5 19. Nc3 Bxc3 20. Rxc3 Bd5 21.
Ra3 Qxa3 22. Qxd5 Qxb2 23. Qxc4 Rd8 24. Bxd3 Nd7 25. Rd1 Qf6 26. Qd4 Qh6 27. Bf5 1-0

[Event "*** Titled Tuesday Blitz"]
[Site "Chess.com"]
[Date "2021.02.02"]
[Round "3"]
[White "muchojogo"]
[Black "ChessLover0108"]
[Result "0-1"]
[WhiteElo "2461"]
[BlackElo "2845"]
[TimeControl "180+1"]
[EndTime "10:27:53 PST"]
[Termination "ChessLover0108 won by resignation"]

1. e4 c5 2. Nf3 d6 3. d4 cxd4 4. Nxd4 Nf6 5. Nc3 a6 6. Bg5 Nbd7 7. Qe2 h6 8. Bh4 b5 9. f4 g5 10. fxg5 hxg5 11. Bxg5 Bb7 12. O-O-O Rc8 13. Nd5 Nxd5 14. exd5 Rc5 15. h4 Rxd5 16. Kb1 Rxg5 17. Rh3 Re5 18. Qf2 Nf6 19. Bd3 e6 0-1

[Event "*** Titled Tuesday Blitz"]
[Site "Chess.com"]
[Date "2021.02.02"]
[Round "3"]
[White "HackWithBlack"]
[Black "Boudicca64"]
[Result "1-0"]
[WhiteElo "2292"]
[BlackElo "1879"]
[TimeControl "180+1"]
[EndTime "10:27:53 PST"]
[Termination "HackWithBlack won by resignation"]

1. e4 Nc6 2. Nc3 Nf6 3. Bc4 e6 4. d4 d5 5. exd5 exd5 6. Bb3 Be7 7. Bf4 a6 8. Nf3 Bg4 9. Be5 O-O 10. O-O Qd7 11. h3 Bh5 12. Qd3 Bg6 13. Qe3 Ne4 14. Nxd5 Nxe5 15. dxe5 Bc5 16. Qf4 Rad8 17. Rad1 Qc6 18.
Nd4 Bxd4 19. Ne7+ 1-0

[Event "*** Titled Tuesday Blitz"]
[Site "Chess.com"]
[Date "2021.02.02"]
[Round "3"]
[White "CM_rui"]
[Black "cukin84"]
[Result "1-0"]
[WhiteElo "2345"]
[BlackElo "2127"]
[TimeControl "180+1"]
[EndTime "10:27:57 PST"]
[Termination "CM_rui won by checkmate"]

1. e4 c6 2. d4 d5 3. Nc3 a6 4. Nf3 Bg4 5. Be2 e6 6. O-O Nf6 7. e5 Nfd7 8. Ne1 Bxe2 9. Qxe2 c5 10. f4 cxd4 11. Nd1 Bc5 12. Nd3 g6 13. N1f2 Be7 14. a4 Nc6 15. b3 Nc5 16. Ba3 Nxd3 17. Bxe7 Qxe7 18. cxd3 O-O 19. Ng4 Qh4 20. Nf6+ Kh8 21.
Rf3 h5 22. Rh3 Qxf4 23. Rxh5+ gxh5 24. Qxh5+ Kg7 25. Qh7# 1-0

[Event "*** Titled Tuesday Blitz"]
[Site "Chess.com"]
[Date "2021.02.02"]
[Round "3"]
[White "GM_LOADING"]
[Black "KarateBaby"]
[Result "1-0"]
[WhiteElo "2450"]
[BlackElo "2226"]
[TimeControl "180+1"]
[EndTime "10:28:05 PST"]
[Termination "GM_LOADING won by resignation"]

1. d4 Nf6 2. Nf3 g6 3. Bg5 Bg7 4. Nbd2 O-O 5. e3 d6 6. Bc4 h6 7. Bh4 Nbd7 8. O-O b6 9. c3 Bb7 10. Re1 e5 11. dxe5 Nxe5 12. Nxe5 dxe5 13. Qc2 Qe7 14. Qxg6 Rad8 15. Rad1 b5 16. Bxf6 Qxf6 17. Qxf6 Bxf6 18. Bxb5 Rd6 19. Nc4 Re6 20. Ba4 Rb8 21. Bb3 Ree8 22. Rd7 c5 23. Nd6 Bc6 24. Nxe8 Bxd7 1-0

[Event "*** Titled Tuesday Blitz"]
[Site "Chess.com"]
[Date "2021.02.02"]
[Round "3"]
[White "chess4ever007"]
[Black "Aradej"]
[Result "0-1"]
[WhiteElo "2360"]
[BlackElo "2542"]
[TimeControl "180+1"]
[EndTime "10:28:09 PST"]
[Termination "Aradej won by resignation"]

1. Nf3 Nf6 2. c4 e6 3. g3 d5 4. Bg2 Be7 5. O-O O-O 6. d4 c6 7. Qc2 b6 8. b3 Bb7 9. Nc3 Nbd7 10. e4 Rc8 11. e5 Ne8 12. Rd1 Nc7 13. Bb2 h6 14. Rac1 c5 15. cxd5 Nxd5 16. Qe2 Nxc3 17. Bxc3 Bd5 18. dxc5 Rxc5 19. Bd4 Rxc1 20. Rxc1 Qa8 21.
Ne1 Bxg2 22. Nxg2 Bc5 23. Bxc5 Nxc5 24. Ne3 Qe4 25. Qb2 Rd8 26. Nc4 Rd5 27. Nd6 Qf3 28. Qc3 Rd1+ 0-1

[Event "*** Titled Tuesday Blitz"]
[Site "Chess.com"]
[Date "2021.02.02"]
[Round "3"]
[White "Ladislav1969"]
[Black "zurzan"]
[Result "1-0"]
[WhiteElo "2313"]
[BlackElo "2024"]
[TimeControl "180+1"]
[EndTime "10:28:10 PST"]
[Termination "Ladislav1969 won by checkmate"]

1. e4 d6 2. d4 Nf6 3. Nc3 Nbd7 4. Be3 e5 5. Nf3 Be7 6. Bc4 c6 7. h3 Qc7 8. a4 h6 9. O-O g5 10. dxe5 dxe5 11. Nh2 Nf8 12. Ng4 Bxg4 13. hxg4 Ng6 14. Qf3 Nf4 15. g3 Rg8 16. gxf4 gxf4 17. Kh1 O-O-O 18.
Bxf7 Rxg4 19. Be6+ Kb8 20. Bxg4 fxe3 21. fxe3 Nxg4 22.
Qxg4 Bg5 23. Rad1 Rg8 24. Qe6 Rc8 25. Rd7 Qb6 26. Rff7 Qxe3 27. Rxb7+ Ka8 28. Qxc8# 1-0

[Event "*** Titled Tuesday Blitz"]
[Site "Chess.com"]
[Date "2021.02.02"]
[Round "3"]
[White "Godzillator"]
[Black "SaqoChess_Twitch"]
[Result "0-1"]
[WhiteElo "2313"]
[BlackElo "2462"]
[TimeControl "180+1"]
[EndTime "10:28:23 PST"]
[Termination "SaqoChess_Twitch won by resignation"]

1. d4 d5 2. c4 e6 3. cxd5 exd5 4. Nc3 Nf6 5. Bg5 c6 6. e3 Qb6 7. Qc2 Ne4 8. Nxe4 dxe4 9. Qxe4+ Be6 10. O-O-O Qa5 11.
d5 cxd5 12. Qd3 Qxa2 13. Qb5+ Nc6 14. Qxb7 Rc8 15. Bb5 Bd7 16. Kd2 Qa5+ 17. Ke2 Rb8 18. Qxd7+ Kxd7 19. Rxd5+ Ke6 20. Bxc6 Qa6+ 21. Bb5 Rxb5 22.
Rxb5 Qxb5+ 0-1

[Event "*** Titled Tuesday Blitz"]
[Site "Chess.com"]
[Date "2021.02.02"]
[Round "3"]
[White "IljaJoke"]
[Black "frederiksvane"]
[Result "0-1"]
[WhiteElo "2507"]
[BlackElo "2767"]
[TimeControl "180+1"]
[EndTime "10:28:24 PST"]
[Termination "frederiksvane won by resignation"]

1. d4 Nf6 2. c4 e6 3. g3 d5 4. Nf3 Bb4+ 5. Bd2 Bd6 6. Bg2 O-O 7. O-O Nbd7 8. Qc2 c6 9. Rd1 Ne4 10. Ne1 f5 11. Nd3 Ndf6 12. Bb4 Bxb4 13. Nxb4 Qb6 14. Nd3 Qxd4 15. c5 Ng4 16. e3 Qf6 17. h3 Ne5 18. Nxe5 Qxe5 19. Nd2 Bd7 20. b4 Be8 21.
Qd3 Bh5 22. Rdc1 Rad8 23. Qd4 Qxd4 24. exd4 Nxd2 0-1

[Event "*** Titled Tuesday Blitz"]
[Site "Chess.com"]
[Date "2021.02.02"]
[Round "3"]
[White "NaciSAN"]
[Black "Ziyamammadov"]
[Result "1-0"]
[WhiteElo "2288"]
[BlackElo "1738"]
[TimeControl "180+1"]
[EndTime "10:28:31 PST"]
[Termination "NaciSAN won by checkmate"]

1. e4 e6 2. d4 d5 3. e5 c5 4. c3 Nc6 5. Nf3 Qb6 6. Na3 cxd4 7. cxd4 Bxa3 8. bxa3 Nge7 9. Bd3 Bd7 10. Rb1 Qa5+ 11. Bd2 Qc7 12. O-O b6 13. Rc1 Qb7 14. Qe2 Nf5 15. Bc3 Nce7 16. g4 Nh6 17. h3 f5 18.
exf6 gxf6 19. Bb4 Ng6 20. Bd6 Rc8 21. Ba6 Qa8 22. Bxc8 Bxc8 23. Rc7 Nf7 24. Qb5+ Kd8 25. Rxf7 Re8 26. Bc7# 1-0

[Event "*** Titled Tuesday Blitz"]
[Site "Chess.com"]
[Date "2021.02.02"]
[Round "3"]
[White "manitodeplomo"]
[Black "Msb2"]
[Result "0-1"]
[WhiteElo "2646"]
[BlackElo "2901"]
[TimeControl "180+1"]
[EndTime "10:28:32 PST"]
[Termination "Msb2 won by resignation"]

1. Nc3 d5 2. d4 Nf6 3. Bg5 e6 4. Qd3 Be7 5. O-O-O Nbd7 6. Bxf6 Nxf6 7. e4 O-O 8. e5 Nd7 9. Nce2 c5 10. c3 b5 11. Nf3 b4 12. Nf4 Qa5 13. Kb1 Rb8 14.
c4 Ba6 15. Qc2 dxc4 16. Bxc4 Bxc4 17. Qxc4 Nb6 18. Qc2 c4 19. Rd2 Rfc8 20. h4 b3 21. axb3 cxb3 22. Qxb3 Nc4 0-1

[Event "*** Titled Tuesday Blitz"]
[Site "Chess.com"]
[Date "2021.02.02"]
[Round "3"]
[White "IMAghasiyevKamal"]
[Black "korkmaz16"]
[Result "1-0"]
[WhiteElo "2604"]
[BlackElo "2406"]
[TimeControl "180+1"]
[EndTime "10:28:33 PST"]
[Termination "IMAghasiyevKamal won by resignation"]

1. d4 d5 2. c4 e5 3. dxe5 d4 4. Nf3 Nc6 5. a3 Nge7 6. Bg5 h6 7. Bxe7 Bxe7 8. Nbd2 Bg4 9. g3 Qd7 10. Bg2 Bh3 11. O-O Bxg2 12. Kxg2 O-O-O 13. Qc2 h5 14. h4 g5 15. hxg5 h4 16. Rh1 hxg3 17. fxg3 Rdg8 18. Qe4 Rxh1 19. Rxh1 Bxg5 20. Qh7 Qd8 21. Ne4 Bf4 22. Qf5+ Qd7 23. Qxd7+ Kxd7 24. Nf6+ 1-0

[Event "*** Titled Tuesday Blitz"]
[Site "Chess.com"]
[Date "2021.02.02"]
[Round "3"]
[White "FMKonstantin_Twitch"]
[Black "LiamVrolijk"]
[Result "0-1"]
[WhiteElo "2614"]
[BlackElo "2841"]
[TimeControl "180+1"]
[EndTime "10:28:37 PST"]
[Termination "LiamVrolijk won by resignation"]

1. d4 Nf6 2. Bf4 c5 3. e3 Nd5 4. Bg3 Qb6 5. Nc3 Nxc3 6. bxc3 d6 7. Nf3 Qa5 8. Qd2 Nd7 9. Bd3 g6 10. h4 Nf6 11. O-O Bg7 12. Rfb1 a6 13. e4 c4 14.
Bxc4 Nxe4 15. Qf4 d5 16. Ng5 Nxg5 17. Qxg5 Be6 18. Rxb7 Bf6 19. Qf4 dxc4 20. d5 Qxd5 21. Rb8+ Rxb8 22. Qxb8+ Qd8 0-1

[Event "*** Titled Tuesday Blitz"]
[Site "Chess.com"]
[Date "2021.02.02"]
[Round "3"]
[White "Chesstrainer1"]
[Black "MaevskiyNikolay"]
[Result "0-1"]
[WhiteElo "2400"]
[BlackElo "2592"]
[TimeControl "180+1"]
[EndTime "10:28:38 PST"]
[Termination "MaevskiyNikolay won by resignation"]

1. Nf3 Nc6 2. d4 d5 3. c4 Bg4 4. Nc3 e6 5. cxd5 exd5 6. Bf4 Bb4 7. e3 Nge7 8. Be2 O-O 9. Rc1 a6 10. O-O Ng6 11. Bg3 Rb8 12. h3 Be6 13. Na4 Nge7 14.
Nc5 Bxc5 15. Rxc5 Qd7 16. a3 Rfc8 17. Qa4 Nf5 18. Rfc1 Ncxd4 19. Qxd7 Nxe2+ 0-1